Map: Prion Terraces

Players

LilDicky - Winner!

  • Race: Terran Terran
  • League: Platinum

SweetStrudel

  • Race: Terran Terran
  • League: Gold

VOD

http://www.twitch.tv/tumescentpie

Description

Time

  • Played on: Nov. 20, 2015, 11:18 p.m.
  • Length: 13:04
Show
View Real Time Build Order
Export as new Build Order

LilDicky Terran - Winner!

Build Orders: Banshee Rush 

Get SALT Encoding   

  12  0:02  SCV  
  13  0:14  SCV  
  13  0:18  Supply Depot  
  14  0:26  SCV  
  15  0:33  Refinery  
  15  0:40  SCV  
  16  0:45  Barracks  
  16  0:52  SCV  
  18  1:04  SCV  
  18  1:16  SCV  
  19  1:28  SCV  
  20  1:34  Marine  
  20  1:35  Supply Depot  
  21  1:41  Orbital Command  
  21  1:43  Refinery  
  21  1:46  Factory  
  21  1:54  Marine  
  22  2:08  SCV  
  23  2:12  Marine  
  24  2:20  SCV  
  25  2:34  SCV, Supply Depot  
  25  2:35  Marine  
  25  2:36  Factory Tech Lab  
  27  2:38  Starport  
  27  2:46  SCV  
  28  2:53  Marine  
  29  3:04  Command Center, SCV  
  29  3:05  Widow Mine  
  32  3:14  Supply Depot  
  32  3:16  SCV  
  33  3:21  Cloaking Field  
  33  3:23  Banshee  
  36  3:30  SCV  
  36  3:31  Marine  
  38  3:37  Engineering Bay  
  38  3:42  SCV  
  38  3:47  Supply Depot  
  39  3:49  Marine  
  40  3:55  Factory Tech Lab  
  40  3:56  SCV  
  40  4:02  Supply Depot  
  41  4:07  Marine  
  41  4:08  SCV  
  43  4:15  Banshee  
  46  4:20  SCV  
  47  4:25  Marine  
  48  4:34  Siege Tank  
  49  4:45  SCV  
  49  4:46  Supply Depot x2  
  49  4:58  SCV  
  40  5:37  Viking  
  40  5:49  SCV  
  38  5:52  Missile Turret  
  30  6:06  Barracks  
  26  6:18  Command Center  
  23  6:20  Command Center  
  23  6:31  SCV  
  24  6:57  Viking  
  24  6:58  SCV  
  28  7:02  Marine  
  28  7:04  Missile Turret  
  26  7:32  Orbital Command x2  
  15  7:48  SCV  
  16  8:00  SCV  
  16  8:05  SCV x2  
  18  8:13  SCV  
  19  8:32  Siege Tank  
  19  8:33  Banshee  
  25  8:40  Planetary Fortress  
  25  8:42  SCV  
  25  8:46  SCV  
  27  8:55  Orbital Command  
  27  8:57  Refinery  
  27  8:58  Refinery  
  26  9:06  SCV, Missile Turret  
  26  9:07  Missile Turret  
  27  9:14  SCV  
  28  9:17  SCV  
  28  9:18  SCV  
  28  9:24  SCV  
  31  9:26  SCV  
  31  9:29  SCV  
  33  9:35  SCV, Siege Tank  
  37  9:41  SCV x3  
  40  9:48  Refinery  
  40  9:49  SCV  
  40  9:51  Marine  
  41  9:54  Banshee  
  41  9:58  SCV  
  41  9:59  SCV  
  46  10:02  SCV x2  
  46  10:07  Siege Tank  
  48  10:17  Starport  
  48  10:18  SCV  
  48  10:19  SCV, Starport  
  48  10:21  SCV  
  51  10:32  Marine  
  52  10:36  SCV x2  
  52  10:39  Refinery, Siege Tank  
  52  10:41  Refinery  
  52  10:42  SCV x2  
  50  11:04  Banshee  
  50  11:05  Starport Reactor x2  
  51  11:13  SCV  
  51  11:15  Siege Tank  
  55  11:24  SCV x3  
  55  11:25  SCV  
  59  11:36  SCV x2  
  59  11:38  Factory  
  61  11:40  Factory  
  61  11:42  SCV x2  
  63  11:47  Viking  
  63  11:53  Viking x2  
  69  11:56  Command Center  
  69  12:07  Viking  
  69  12:08  Viking  
  73  12:17  Banshee  
  75  12:23  Viking  
Show
View Real Time Build Order
Export as new Build Order

SweetStrudel Terran 

Build Orders: Banshee Rush 

Get SALT Encoding   

  12  0:01  SCV  
  13  0:13  SCV  
  14  0:19  Supply Depot  
  14  0:25  SCV  
  15  0:40  SCV  
  16  0:46  Refinery, Barracks  
  16  0:52  SCV  
  17  0:57  Refinery  
  17  1:04  Supply Depot  
  17  1:06  SCV  
  18  1:18  SCV  
  19  1:33  Orbital Command  
  19  1:34  Marine  
  20  1:47  Factory  
  20  1:53  Marine  
  21  1:58  SCV  
  22  2:09  Supply Depot  
  22  2:10  SCV  
  22  2:11  Barracks Reactor  
  23  2:22  SCV  
  24  2:31  Supply Depot  
  24  2:33  Factory Tech Lab  
  24  2:35  SCV, Starport  
  25  2:47  SCV  
  25  2:48  Marine x2  
  28  2:54  Siege Tank  
  31  2:59  SCV  
  32  3:09  Marine x2  
  32  3:11  SCV  
  35  3:13  Starport Tech Lab  
  35  3:14  Supply Depot  
  35  3:18  Supply Depot  
  35  3:27  Marine x2  
  35  3:28  Siege Tank  
  35  3:33  SCV  
  41  3:40  Cloaking Field  
  41  3:45  SCV  
  42  3:50  Marine  
  42  3:51  Marine  
  44  3:57  SCV  
  44  4:00  Banshee, Engineering Bay  
  48  4:08  Marine x2  
  50  4:13  Supply Depot  
  50  4:15  SCV  
  51  4:27  Siege Tank  
  53  4:37  Marine x2  
  54  4:43  Banshee  
  54  4:44  SCV  
  58  4:48  Missile Turret  
  58  4:51  Missile Turret  
  58  5:00  Marine x2  
  47  5:26  Banshee  
  45  5:38  Marine x2  
  45  5:39  Siege Tank  
  44  5:59  Marine x2  
  44  6:00  SCV  
  47  6:09  Banshee  
  46  6:32  Supply Depot  
  46  6:33  Supply Depot  
  46  6:36  Supply Depot  
  41  6:47  Supply Depot  
  41  6:48  Supply Depot  
  37  7:09  Supply Depot, Marine x2  
  37  7:10  Supply Depot x2  
  39  7:28  Supply Depot  
  39  7:29  Supply Depot  
  39  7:31  SCV  
  43  7:43  SCV  
  43  7:46  Siege Tank  
  40  7:51  Viking  
  40  7:56  SCV  
  39  8:08  SCV  
  40  8:22  Barracks  
  40  8:23  Barracks  
  40  8:24  Viking, Barracks  
  41  8:27  Siege Tank  
  41  8:33  Barracks  
  44  8:38  SCV  
  45  8:50  SCV  
  43  9:06  Command Center  
  43  9:12  Siege Tank  
  43  9:15  Marine x2  
  48  9:18  Missile Turret  
  48  9:20  Missile Turret  
  48  9:25  SCV  
  48  9:34  Marine x3  
  48  9:35  Marine  
  48  9:37  SCV  
  53  9:49  SCV  
  54  9:56  Siege Tank  
  57  10:03  Marine x3  
  60  10:16  Barracks Tech Lab  
  60  10:21  SCV  
  61  10:34  Orbital Command  
  61  10:43  Barracks Reactor x2  
  61  10:44  Barracks Reactor  
  61  10:46  SCV  
  57  10:58  SCV  
  53  11:04  Viking  
  53  11:05  Siege Tank  
  53  11:06  Marine  
  53  11:10  SCV x2  
  61  11:13  Missile Turret  
  61  11:24  Marine  
  61  11:25  Marine x6  
  68  11:34  Viking  
  70  11:46  Marine  
  71  11:47  Marine x4  
  71  11:54  Siege Tank  
  72  12:11  Marine x7  
  72  12:38  Marine x4  
Tags
 
Add a new tag
Caveats
  • Supply blocks, unpowered buildings, or Contaminate may cause inaccurate times.
  • Supply counts are checked every 10 seconds.